 Dungeon Crawl Stone Soup version 0.26-b1-32-g5d43845318 (webtiles) character file.

Game seed: 4242924181451574745

65 sanka the Skirmisher (level 3, -1/33 HPs)
             Began as a Palentonga Wanderer on Jan 9, 2021.
             Slain by an adder (4 damage)
             ... on level 3 of the Dungeon.
             The game lasted 00:04:01 (2141 turns).

sanka the Skirmisher (Palentonga Wanderer)          Turns: 2141, Time: 00:04:01

Health: -1/33      AC:  8    Str: 18    XL:     3   Next: 94%
Magic:  6/6        EV:  4    Int: 12    God:
Gold:   105        SH:  0    Dex:  7    Spells: 5/6 levels left

rFire    . . .     SeeInvis +   a - +2 dagger
rCold    . . .     Faith    .   (no shield)
rNeg     . . .     Spirit   .   j - +0 chain mail
rPois    .         Reflect  .   c - +0 helmet
rElec    .         Harm     .   (no cloak)
rCorr    .         Rampage  .   (no gloves)
Will     .....                  (no barding)
Stlth    ..........             (no amulet)
HPRegen  0.11/turn              (no ring)
MPRegen  0.10/turn              (no ring)

@: lethally poisoned (-1 -> -7), invisible
A: large, rugged brown scales 3, see invisible, deformed body, roll 1, armoured
tail
a: Rolling Charge


You were on level 3 of the Dungeon.
You visited 1 branch of the dungeon, and saw 3 of its levels.

You collected 105 gold pieces.


Innate Abilities, Weirdness & Mutations

You are completely covered in rugged brown scales. (AC +3, +7% HP)
You have supernaturally acute eyesight. (SInv)
Armour fits poorly on your strangely shaped body.
You can roll at nearby foes to attack.
You have a long armoured tail.


   Skills:
 + Level 3.6 Fighting
 - Level 1.0 Throwing
 - Level 1.0 Stealth
 - Level 2.0 Spellcasting
 - Level 1.0 Conjurations
 - Level 2.0 Hexes
 - Level 1.0 Necromancy
 - Level 1.7 Earth Magic


You had 5 spell levels left.
You knew the following spells:

 Your Spells              Type           Power        Failure   Level
z - Sting                 Tmut/Pois      4%           99%         1

Your spell library contained the following spells:

 Spells                   Type           Power        Failure   Level
 Corpse Rot               Necr/Air       N/A          99%         2
 Sublimation of Blood     Necr           1%           99%         2
 Mephitic Cloud           Conj/Pois/Air  1%           100%        3

Inventory:

Hand Weapons
 a - a +2 dagger (weapon)
Missiles
 b - 2 curare-tipped darts {=f}
 d - 71 stones
Armour
 c - a +0 helmet (worn)
 e - a +0 robe
 j - a +0 chain mail (worn)
Scrolls
 f - 3 scrolls of amnesia {unknown}
 g - 3 scrolls of identify {unknown}
 i - 2 scrolls of blinking {unknown}
 l - a scroll of magic mapping {unknown}
Potions
 k - a potion of heal wounds {unknown}

Dungeon Overview and Level Annotations

Branches:
Dungeon (3/15)

Altars:
Hepliaklqana
Nemelex Xobeh
Sif Muna

▒▒▒▒+▒▒▒▒≈....▒▒▒
≈≈#.≈≈≈≈≈▒▒.▒▒ ▒
▒..#........▒ ▒
▒..▒▒...▒▒▒▒▒ ▒
▒..▒▒...▒▒▒ ▒
▒.........▒▒▒▒▒▒
▒...............
▒.▒▒▒▒▒▒▒.........▒▒▒▒▒▒
▒.....SH...▒▒...▒▒▒
...▒▒▒▒▒▒.▒▒▒...▒ ▒.▒
▒▒▒▒▒ ▒.▒ ▒.▒ ▒>▒ ..▒
▒▒▒


You could see an adder.


Message History

Unknown command.
You hit the adder.
The adder is severely wounded.
* * * LOW HITPOINT WARNING * * *
You feel sick. The adder bites you but does no damage.
The adder bites you but does no damage.
Unknown command.
You closely miss the adder.
The adder is severely wounded.
The adder bites you but does no damage.
Your chain mail prevents you from hitting the adder.
The adder is severely wounded.
* * * LOW HITPOINT WARNING * * *
You feel sick. The adder bites you but does no damage.
You miss the adder.
The adder is severely wounded.
* * * LOW HITPOINT WARNING * * *
You feel sick. The adder bites you.
* * * LOW HITPOINT WARNING * * *
Unknown command.
It was a potion of invisibility.
You fade into invisibility!
* * * LOW HITPOINT WARNING * * *
You feel sick. The adder barely misses you. The adder bites you.
You die...

Action                   || total
-------------------------++-------
Melee: Dagger            ||   128
       Tailslap          ||    13
Throw: Dart              ||     1
 Abil: Rolling Charge    ||    20
  Use: Potion            ||     1
Armor: Robe              ||    30
       Chain mail        ||    34
Dodge: Dodged            ||    45

Levels and vault maps discovered:
D:1:      mushboom_english_gardens, layout_basic, grunt_decor_arrowhead
D:2:      layout_basic, nicolae_overflow_crystal_walls,
          nzn_hepliaklqana_mist_gate, lemuel_crystal_altar
D:3:      layout_loops_ring, lightli_temple_of_fire, amcnicky_altar_gilded

Notes
Turn   | Place    | Note
-------+----------+-------------------------------------------
     0 | D:1      | sanka the Palentonga Wanderer began the quest for the Orb.
     0 | D:1      | sanka set off with the following items: a +2 dagger, 3
                  | curare-tipped darts {=f}, a +0 robe; and the following
                  | spell memorised: Sting; and the following spells available
                  | to memorise: Sublimation of Blood, Corpse Rot, Mephitic
                  | Cloud
     0 | D:1      | Reached XP level 1. HP: 14/14 MP: 3/3
    78 | D:1      | Reached skill level 1 in Fighting
    97 | D:1      | Reached XP level 2. HP: 25/25 MP: 5/5
   160 | D:1      | Reached skill level 2 in Fighting
   672 | D:1      | Reached XP level 3. HP: 28/32 MP: 6/6
   917 | D:2      | Found a sparkling altar of Nemelex Xobeh.
  1011 | D:2      | Reached skill level 3 in Fighting
  1766 | D:2      | Found a shimmering blue altar of Sif Muna.
  1903 | D:2      | Found a hazy altar of Hepliaklqana.
  2141 | D:3      | HP: 3/33 [poisoned by an adder]
  2141 | D:3      | Slain by an adder

Vanquished Creatures
  An adder (D:2)
  2 oozes (D:1)
  A worm (D:2)
  A dart slug (D:2)
  A leopard gecko (D:1)
  5 bats
  4 giant cockroaches
  4 goblins
  5 hobgoblins
  3 jackals (D:1)
  6 kobolds
  2 quokkas (D:2)
  A ball python (D:1)
  3 frilled lizards
39 creatures vanquished.

Table legend: (Time is in decaauts)
 A = Elapsed time spent in this place.
 B = Non-inter-level travel time spent in this place.
 C = Inter-level travel time spent in this place.
 D = Time resting spent in this place.
 E = Time spent auto-exploring this place.
 F = Levels seen in this place.
 G = Mean time per level.
                   A        B        C        D        E       F      G
               +--------+--------+--------+--------+--------+-----+--------+
         Total |   2140 |   2058 |     82 |    465 |   1310 |   3 |  713.3 |
       Dungeon |   2140 |   2058 |     82 |    465 |   1310 |   3 |  713.3 |
               +--------+--------+--------+--------+--------+-----+--------+

Top non-repeatable levels by time:
     D:2: 1155 daAuts
     D:1: 877 daAuts
     D:3: 106 daAuts
